 Dungeon Crawl Stone Soup version 0.30-a0-800-g7c544603b3 (webtiles) character file.

Game seed: 485964984038523459

38 Juicyj the Conjurer (level 3, 0/33 HPs)
             Began as a Troll Wanderer on Feb 22, 2023.
             Succumbed to an adder's poison
             ... on level 2 of the Dungeon.
             The game lasted 00:03:06 (959 turns).

Juicyj the Conjurer (Troll Wanderer)                 Turns: 959, Time: 00:03:06

Health: 0/33       AC:  4    Str: 21    XL:     3   Next: 25%
Magic:  3/3        EV:  9    Int: 10    God:
Gold:   78         SH:  0    Dex:  8    Spells: 3/4 levels left

rFire   . . .      SeeInvis .    a - +0 hand axe
rCold   . . .      Faith    .    (no shield)
rNeg    . . .      Spirit   .    d - +0 robe
rPois   .          Reflect  .    b - +0 hat
rElec   .          Harm     .    (no cloak)
rCorr   .          Rampage  .    (gloves unavailable)
Will    .....                    (boots unavailable)
Stlth   +                        (no amulet)
HPRegen 1.05/turn                (no ring)
MPRegen 0.08/turn                (no ring)

@: mighty, lethally poisoned (0 -> -1)
A: large, unfitting armour, claws 3, regeneration 1, shaggy fur 1, tough skin 1,
antennae 1, wild magic 1, inability to drink after injury 1
a: no special abilities


You were on level 2 of the Dungeon.
You visited 1 branch of the dungeon, and saw 2 of its levels.

You collected 78 gold pieces.

Inventory:

Hand Weapons
 a - a +0 hand axe (weapon)
Armour
 b - a +0 hat (worn)
 d - a +0 robe (worn)
Scrolls
 c - 2 scrolls of teleportation
 f - 2 scrolls of identify
Potions
 e - a potion of might
 g - a potion of magic
 h - a potion of mutation


   Skills:
 + Level 1.2 Fighting
 + Level 1.8 Axes
 + Level 1.8 Dodging
 + Level 1.1 Stealth
 * Level 1.4 Unarmed Combat
 + Level 1.1 Spellcasting
 + Level 2.3 Conjurations


You had 3 spell levels left.
You knew the following spells:

 Your Spells              Type           Power      Damage    Failure   Level
a - Magic Dart            Conj           24%        1d4       19%         1

Your spell library contained the following spells:

 Spells                   Type           Power      Damage    Failure   Level
 Mephitic Cloud           Conj/Pois/Air  2%         N/A       67%         3
 Iskenderun's Mystic Bla  Conj/Tloc      3%         2d3       95%         4


Dungeon Overview and Level Annotations

Branches:
Dungeon (2/15)

Altars:


Innate Abilities, Weirdness & Mutations

You are too large for most types of armour.
You have claws for hands.
Your natural rate of healing is unusually fast.
You are covered in fur. (AC +1)
You have tough skin. (AC +1)
You have a pair of small antennae on your head.
Your spells are a little harder to cast, but a little more powerful.
You occasionally lose the ability to drink potions when taking damage.


Message History

The adder bites you but does no damage.
You hit the adder.
The adder is severely wounded.
You feel sick. The adder barely misses you.
You closely miss the adder.
The adder is severely wounded.
You feel sick.
You are no longer poisoned.
The adder completely misses you. The adder bites you but does no damage.
You barely miss the adder.
The adder is severely wounded.
The adder bites you but does no damage. The adder barely misses you.
You closely miss the adder.
The adder is severely wounded.
The adder barely misses you.
You miss the adder.
The adder is severely wounded.
The adder bites you but does no damage. The adder bites you.
* * * LOW HITPOINT WARNING * * *
You are poisoned.
The adder poisons you!
You barely miss the adder.
The adder is severely wounded.
You feel sick. The adder bites you.
* * * LOW HITPOINT WARNING * * *
The adder barely misses you.
You hit the adder but do no damage.
The adder is severely wounded.
You feel sick. The adder bites you.
* * * LOW HITPOINT WARNING * * *
You are lethally poisoned!
The adder poisons you!
It was a potion of might.
You feel very mighty all of a sudden.
* * * LOW HITPOINT WARNING * * *
You feel sick. The adder bites you but does no damage.
It was a potion of mutation.
You feel extremely strange.
You feel less in control of your magic. A pair of antennae grows on your head!
You occasionally lose the ability to drink potions when taking damage.
You die...

#####.......## .......
###....... ......###
##....... .......#
#........ ......#
##........ .. ..#
##......... .#####. #.#
##..#.......
......)##.####...#.......
#....S@........#.......
.....!.......>...########
###........###...#
#....$...# #...#
#........# #...#
#........# #...#
#........# #...#
#........# #...#
........# #...#


You could see an adder.

Vanquished Creatures
  A worm (D:2)
  A dart slug (D:1)
  4 ball pythons (D:1)
  5 endoplasms
  2 giant cockroaches (D:1)
  3 goblins (D:1)
  4 hobgoblins (D:1)
  A quokka (D:2)
  2 bats (D:1)
  3 frilled lizards
  4 kobolds
30 creatures vanquished.

Notes
Turn   | Place    | Note
-------+----------+-------------------------------------------
     0 | D:1      | Juicyj the Troll Wanderer began the quest for the Orb.
     0 | D:1      | Juicyj set off with the following items: a +0 hand axe, a
                  | +0 hat, a scroll of teleportation, a +0 robe; and the
                  | following spell memorised: Magic Dart; and the following
                  | spells available to memorise: Mephitic Cloud, Iskenderun's
                  | Mystic Blast.
     0 | D:1      | Reached XP level 1. HP: 19/19 MP: 1/1
   154 | D:1      | Reached XP level 2. HP: 26/27 MP: 2/2
   278 | D:1      | Reached skill level 1 in Unarmed Combat
   616 | D:1      | Reached XP level 3. HP: 31/33 MP: 3/3
   958 | D:2      | HP: 1/33 [poisoned by an adder]
   959 | D:2      | Gained mutation: Your spells are a little harder to cast,
                  | but a little more powerful. [potion of mutation]
   959 | D:2      | Gained mutation: You have a pair of small antennae on your
                  | head. [potion of mutation]
   959 | D:2      | Gained mutation: You occasionally lose the ability to drink
                  | potions when taking damage. [potion of mutation]
   959 | D:2      | Succumbed to an adder's poison

Illustrated notes

Levels and vault maps discovered:
D:1:      ncdulo_lavacross, layout_basic
D:2:      layout_basic

Skill      XL: |  1  2 |
---------------+-------+-----
Unarmed Combat | 1 |  1.4
Fighting       | |  1.2
Axes           | |  1.8
Dodging        | |  1.8
Stealth        | |  1.1
Spellcasting   | |  1.1
Conjurations   | |  2.3

Action                     || total
---------------------------++-------
  Melee: Hand axe          ||   113
         Unarmed           ||     2
         Punch             ||     1
    Use: Potion            ||     2
         Scroll            ||     1
   Stab: Sleeping          ||     3
 Armour: Robe              ||    52
  Dodge: Dodged            ||    65

Table legend: (Time is in decaauts)
 A = Elapsed time spent in this place.
 B = Non-inter-level travel time spent in this place.
 C = Inter-level travel time spent in this place.
 D = Time resting spent in this place.
 E = Time spent auto-exploring this place.
 F = Levels seen in this place.
 G = Mean time per level.
                   A        B        C        D        E       F      G
               +--------+--------+--------+--------+--------+-----+--------+
         Total |    981 |    963 |     18 |      0 |    716 |   2 |  490.5 |
       Dungeon |    981 |    963 |     18 |      0 |    716 |   2 |  490.5 |
               +--------+--------+--------+--------+--------+-----+--------+

Top non-repeatable levels by time:
     D:1: 770 daAuts
     D:2: 211 daAuts
